Cogmind - Beta 16 @@@ ROGUE MODE // 2025.11.02 @ 14:35:22 Player: TH-3000 Result: Destroyed by as-56271 with Assembled Heavy Rifle Performance ------------- Evolutions (0) 0 Regions Visited (0) 0 Robots Destroyed (10) 50 Value Destroyed (45) 45 Prototype IDs (0) 0 Alien Tech Used (0) 0 Bonus (0) 0 TOTAL SCORE: 95 Bonus ------- None Cogmind --------- Core Integrity 0/250 Matter 396/400 Energy 100/100 System Corruption 8% Temperature Cool (0) Movement Core (150) Ox2 Location -11/Scrapyard Parts ------- > --- POWER (1) -------- (None) > --- PROPULSION (2) --- (None) > --- UTILITY (2) ------ Small Storage Unit Medium Matter Pod > --- WEAPON (2) ------- (None) > --- INVENTORY (8) ---- Light Ion Engine Light Ion Engine Light Ion Engine Improved Terrain Scanner Seismic Detector Tractor Beam Peak State ------------ > --- POWER ------------ Light Ion Engine > --- PROPULSION ------- Light Treads Light Treads > --- UTILITY ---------- Small Storage Unit Improved Terrain Scanner > --- WEAPON ----------- Mining Laser Mining Laser > --- INVENTORY -------- Light Ion Engine Light Ion Engine Light Ion Engine Light Ion Engine EM Pulse Gun Medium Laser Small Laser [Rating: 9] Favorites ----------- Power Light Ion Engine Engine Light Ion Engine Propulsion Light Treads Treads Light Treads Utility Small Storage Unit Device Tractor Beam Storage Small Storage Unit Weapon Small Laser Energy Gun Small Laser Special Weapon Mining Laser Build | -11 ------- Run | Yrd Slots Evolved . | . Power . | . Propulsion . | . Utility . | . Weapon . | . Parts Attached 13 | 13 Power 2 | 2 Engine 2 | 2 Core . | . Reactor . | . Propulsion 2 | 2 Treads 2 | 2 Leg . | . Wheel . | . Hover . | . Flight . | . Utility 4 | 4 Device 2 | 2 Storage 2 | 2 Processor . | . Hackware . | . Protection . | . Artifact . | . Weapon 5 | 5 Energy Gun 3 | 3 Energy Cannon . | . Ballistic Gun . | . Ballistic Cannon . | . Launcher . | . Special Weapon 2 | 2 Impact Weapon . | . Slashing Weapon . | . Piercing Weapon . | . Special Melee Weapon . | . Unidentified Prototypes . | . Parts Lost 10 | 10 Power 2 | 2 Propulsion 2 | 2 Utility 1 | 1 Weapon 5 | 5 Highest Loss Streak 7 | 7 To Critical Strikes . | . Average Backups 5 | 5 Power 3 | 3 Propulsion . | . Utility 1 | 1 Weapon 1 | 1 Tool/Special . | . Unused Backups 5 | 5 Power 3 | 3 Propulsion . | . Utility 2 | 2 Weapon . | . Tool/Special . | . Average Slot Usage (%) . | . Peak Build Rating 9 | 9 Average Rating 6 | 6 On Entrance . | . Avg Prop Armor Cover (%) . | . Naked Turns . | . Heaviest Build 14 | 14 Greatest Support 40 | 40 Greatest Overweight (x) 3 | 3 Average Overweight (x) . | . Largest Inventory Capacity 8 | 8 Average Capacity 7 | 7 Most Carried 8 | 8 Average Carried 5 | 5 Final Capacity 8 | 8 Final Carried 6 | 6 Class Distribution -------------------- None Dominant Class ---------------- None Resources | -11 ----------- Run | Yrd Matter Collected 424 | 424 Remotely 208 | 208 Salvage Created 282 | 282 Parts 20 | 20 Haulers Intercepted . | . Recyclers Shooed . | . Parts Field Recycled . | . Retrieved Matter . | . Parts Self-Destructed . | . Prevented . | . Parts Restored . | . Kills | -11 ------- Run | Yrd Combat Hostiles Destroyed 4 | 4 Melee 1 | 1 Guns 3 | 3 Classes Destroyed 4 | 4 Worker 4 | 4 Tunneler 5 | 5 Recycler 1 | 1 Assembled 4 | 4 Best Kill Streak 2 | 2 Combat Bots Only 2 | 2 Max Kills in Single Turn 1 | 1 Gunslinging . | . Exploded . | . Melee 1 | 1 Uniques/NPCs Destroyed . | . Combat | -11 -------- Run | Yrd Hostile Shots Fired 69 | 69 Missed 13 | 13 Hits 56 | 56 Melee 8 | 8 Projectile 48 | 48 Critical Strikes 1 | 1 Part Disruptions 2 | 2 Damage Taken 1178 | 1178 Core 258 | 258 Absorbed by Shields . | . Core Remaining (%) . | . Volleys Fired 37 | 37 Largest 2 | 2 Hottest 200 | 200 Shots Fired 64 | 64 Gun 44 | 44 Cannon . | . Launcher . | . Special 20 | 20 Kinetic . | . Thermal 51 | 51 Explosive . | . Electromagnetic 13 | 13 Robot Hit Streak 7 | 7 Robot Miss Streak 3 | 3 Penetration Max . | . Secondary Targets 2 | 2 Max Gunslinging Chain 1 | 1 Shots Hit Robots 24 | 24 Core Hits 20 | 20 Critical Kills . | . Critical Parts Destroyed . | . Critical Strikes . | . Melee Attacks . | . Impact . | . Slashing . | . Piercing . | . Sneak Attacks . | . Combat Hostiles . | . Follow-up Attacks . | . Damage Inflicted 331 | 331 Guns 314 | 314 Cannons . | . Explosions . | . Melee . | . Ramming 17 | 17 Kinetic . | . Thermal 228 | 228 Explosive . | . Electromagnetic 86 | 86 Impact . | . Slashing . | . Piercing . | . Highest Corruption 8 | 8 Average Corruption 8 | 8 Corruption Purged . | . Corruption Blocked . | . Effects 15 | 15 Message Errors 4 | 4 Matter Fused 5 | 5 Heat Flow Errors 1 | 1 Energy Discharges 2 | 2 Data Loss (minor) 2 | 2 Weapon Failures 1 | 1 Overload Shots . | . Overflow Damage . | . Projectiles . | . Explosions . | . Melee . | . Knockbacks . | . Impact . | . Kinetic . | . Secondary . | . Self-Inflicted Damage 5 | 5 Shots . | . Rammed 16 | 16 Targets Rammed 16 | 16 Kicked . | . Crushed . | . Highest Temperature 173 | 173 Average Temperature 53 | 53 Received Heat Transfer 280 | 280 Siege Activations . | . Martial Activations . | . Shielding Activations . | . Robots Disrupted . | . Combat Hostiles . | . Robots Corrupted . | . Combat Hostiles . | . Parts Fried . | . Impact Corruptions . | . Robots Melted . | . Combat Hostiles . | . Parts Melted . | . Heat Transferred 595 | 595 Parts Sabotaged . | . Parts Stolen . | . Parts Stripped . | . Power Chain Reactions . | . Alert | -11 ------- Run | Yrd Maximum Alert Level . | . Low Security (%) 100 | 100 Level 1 . | . Level 2 . | . Level 3 . | . Level 4 . | . Level 5 . | . High Security . | . Max Security . | . Peak Influence 5 | 5 Initial . | . Average . | . Influence Increases 50 | 50 Destroy 0b10 Robot/NC 50 | 50 Influence Decreases 50 | 50 Time Decay 50 | 50 Squads Dispatched . | . Investigation . | . Extermination . | . Reinforcement . | . Assault . | . Garrison . | . Intercept . | . Searches Triggered . | . Construction Impeded . | . Haulers Reinforced . | . Active Scanning Responses . | . Cargo Convoy Interrupts . | . Stealth | -11 --------- Run | Yrd Distress Signals . | . Communications Jammed . | . Distress Signals . | . Times Spotted 8 | 8 Peak Tracking Total 4 | 4 Tactical Retreats 1 | 1 Traps | -11 ------- Run | Yrd Traps Triggered . | . Indirectly . | . Trap Hack Attempts . | . Triggered . | . Disarmed . | . Reprogrammed . | . Reused . | . Traps Extracted . | . Installed . | . Triggered . | . Machines | -11 ---------- Run | Yrd Machines Disabled . | . Max in Single Turn . | . Machines Repaired . | . Machines Dismantled . | . Machines Sabotaged . | . Overloaded Fab Kills . | . Hacking | -11 --------- Run | Yrd Machines Accessed . | . Terminals . | . Fabricators . | . Repair Stations . | . Recycling Units . | . Scanalyzers . | . Garrison Access . | . Total Hacks . | . Successful . | . Failed . | . Catastrophic . | . Database Lockouts . | . Manual . | . Terminals . | . Fabricators . | . Repair Stations . | . Recycling Units . | . Scanalyzers . | . Garrison Access . | . Terminal Hacks . | . Fabricator Hacks . | . Repair Station Hacks . | . Recycling Unit Hacks . | . Scanalyzer . | . Garrison Access Hacks . | . Unauthorized Hacks . | . Terminals . | . Fabricators . | . Repair Stations . | . Recycling Units . | . Scanalyzers . | . Garrison Access . | . Data Cores Recovered . | . Used . | . Hacking Detections . | . Full Trace Events . | . Feedback Events . | . Feedback Blocked . | . Robot Schematics Acquired . | . Robots Built . | . Authchips . | . Time . | . Total Robot Build Rating . | . Part Schematics Acquired . | . Parts Built . | . Authchips . | . Time . | . Total Part Build Rating . | . Part Studies Acquired . | . Parts Repaired . | . Time . | . Parts Recycled . | . Recycled Matter . | . Retrieved Matter . | . Retrieved Components . | . Parts Scanalyzed . | . Part Schematics Acquired . | . Parts Damaged . | . Bothacking | -11 ------------ Run | Yrd Used RIF Installer . | . Robots Hacked . | . Non-combat . | . Combat . | . Robot Hacks Applied . | . Relay Couplers Released . | . Fabnet Peak Effective % . | . Robots Rewired . | . Allies Hacked . | . Hacks Repelled . | . Allies | -11 -------- Run | Yrd Total Allies . | . Largest Group . | . Highest-Rated Group . | . Highest-Rated Ally . | . Total Orders . | . Ally Attacks . | . Total Damage . | . Kills . | . Allies Corrupted . | . Allies Melted . | . Intel | -11 ------- Run | Yrd Active Infowar (turns) 124 | 124 Terrain 124 | 124 Robot Analysis Total . | . Derelict Logs Recovered . | . Drone Launches . | . Drone Recoveries . | . Exploration | -11 ------------- Run | Yrd Turns Passed 802 | 802 Spaces Moved 361 | 361 Core 18 | 18 Treads 343 | 343 Legs . | . Wheels . | . Hover . | . Flight . | . Fastest Speed 50 | 50 Average Speed 156 | 156 Slowest Speed 200 | 200 Overloaded Moves . | . Propulsion Burnouts . | . Robots Hopped . | . Potential Cave-ins 5 | 5 Cave-ins Triggered 1 | 1 Exploration Rate (%) 16 | 16 Regions Visited . Branch Regions . Pre-discovered Areas . | . Known Exits Taken . | . Unknown Exits Taken . | . Scrap Searched . | . Spaces Dug 8 | 8 Terrain Destroyed 8 | 8 Melee . | . Projectile 8 | 8 AOE . | . Terrain Rammed . | . Walls Destroyed . | . Machines Disabled . | . Actions | -11 --------- Run | Yrd Total 476 | 476 Wait 36 | 36 Move 361 | 361 Hop . | . Pick Up 9 | 9 Fast Attach 8 | 8 Attach 4 | 4 Detach . | . Swap 5 | 5 Drop . | . Fire 37 | 37 Melee . | . Ram 16 | 16 Kick . | . Crush . | . Escape Stasis . | . Rewire . | . Trap . | . Miscellaneous . | . Route ------- -11/Scrapyard (discovered 1 exit: [*Mat]) History --------- Turn | Location | Event 6 | -11/Scrapyard | Discovered new exit (range 16) 366 | -11/Scrapyard | Crushed by falling debris 397 | -11/Scrapyard | Lost 3 parts (1u2w) 624 | -11/Scrapyard | Assembled infested the area 790 | -11/Scrapyard | Core integrity fell below 50% 797 | -11/Scrapyard | Core integrity fell below 20% 803 | -11/Scrapyard | Destroyed by as-56271 with Assembled Heavy Rifle Last Messages --------------- Med. Laser destroyed. System corrupted: Component data lost. Slammed into as-54120. Destabilizing: Core damaged (-2). as-54120 destroyed. Slammed into as-56271. Lgt. Treads destroyed. Slammed into as-56271. Lgt. Ion Engine destroyed. Slammed into as-56271. System corrupted: Matter fused (-10). Acquired 2 matter. Slammed into as-56271. Slammed into as-93059. Sml. Laser destroyed. Slammed into as-93059. as-93059 destroyed. [Achievement: Fist Fight] System corrupted: Matter fused (-8). Acquired 4 matter. Map ----- +----------------------------------------------------+ | ?????????????????????????????????????????????????? | | ?????????????????????????????????????????????????? | | ?????????????????????????????????????????????????? | | ?????????????????????????????????????????????????? | | ?????????????????????????????????????????????????? | | ?????????????????????????????????????????????????? | | ???????????????????????? %???????????????????????? | | ???????????????????????? ???????????????????????? | | ???????????????????????? ???????????????????????? | | ???????????????????????# #??????????????????????? | | ???????????????????????# #??????????????????????? | | ??????????????????????? #?????????????#????????? | | ???????????????????????# #?????????????????????#? | | ???????????????????????# %#??????????#???????????? | | ???????????????????????# #???????#??????????#???? | | ???????????????????????# a#??????????????????????? | | ???????????????????????# #?????#????????????????? | | ???????????????????????# #????#????????#????????? | | ??????????????????##???# ##?????????????????????# | | ??????????????## ? ???# #???#????#??????#?#??##? | | ??????????????# ? ??#% #???????????#??????????? | | ??????????????# ?#%%#??##?????????#??#?????? | | ??????????????# ?#%%#?????????????####?????# | | ??????????????# #% #?????#??#???## #???#??? | | #?#####???????# # #???????##???# #??????? | | ### #???????# @#????????????#####??#??? | | ## #???????# # #??????#??#??# #?????? | | ## #???????## #a #????????#???#####????#? | | ## #????????#########%%####??#????????# #?????? | | ## ###########???#% #????#?????## ###??#? | | ## ## #???# % #???#??###### #?#?? | | ## ## #???# %= ########= ## ###??? | | ### ### = ! ##### = # ###???? | | = = = ####?????# | | =!% ##### # ####??#????? | | #### ### = ##### < #???# ####??????#???? | | ??# # #???# ##??###?????#?????#?? | | ??# # #???# ########???????#???????????? | | #?# #### ####???##???????????#?????????????#?# | | ### #??# #????????????????#????????????????#?? | | ## #??# #???????????????#?????????##????????? | | ## ##??# #???????????????????##???????#??????# | | #???# #??????????????????#??#?#???????????? | | ### #???# ???????????????????????#???????????? | | ??#####???# ?????????????????????#?????????##??? | | ??????????#####????????????????????????#?????????? | | ?????????????????????????????????????????????#???? | | ?????????????????????????????????????????????????? | | ?????????????????????????????????????????????????? | | ?????????????????????????????????????????????????? | +----------------------------------------------------+ Best States ------------- Heat Dissipation 25 Energy Generation 10 Energy Capacity 125 Matter Stores 400 Matter Capacity 400 Sight Range 16 Terrain Scan Range 16 Terrain Scan Density 10 Evasion (%) 40 Recoil Reduction 2 Item Schematics ----------------- None Robot Schematics ------------------ None Fabricated ------------ Nothing Repaired ---------- Nothing Studied --------- None Alien Tech Used ----------------- None Achievements -------------- Curiosity Killed The Cat Fist Fight There's More Where That Came From Unlikely Earthworm Use The Force Challenges ------------ None Game ------ Seed TimingSmallReactor Manual? 0 Play Time 00:27:30 Cumulative 1.4 hours Start 2025.11.02 @ 14:20:07 End 2025.11.02 @ 14:35:22 Sessions 0 Manual Loads 0 Difficulty Rogue Special Mode None Game No. 3 Rogue 3 Adventurer 0 Explorer 0 Win Type - Total 0 Types 0/0/0/0/0/0/0/0/0/0 Lore% 0 Gallery% 2 Achievement% 5 Wizard Run 0 Options --------- Layout 1 ASCII 0 Keyboard 1 Movement Arrows Keybinds 0 Fullscreen 1 Font 24/Smallcaps Map View 25x17 Zoom Use 94% Tactical HUD 0 Map Filters NONE Filters NONE Steam 1 RUN: e0a77204-2408-4c07-a066-406cb8b878c0